 Dungeon Crawl Stone Soup version 0.29-a0-234-g0dae59b3db (webtiles) character file.

Game seed: 3056464195371512427

46 siradein the Grave Robber (level 3, 0/31 HPs)
             Began as an Ogre Necromancer on Mar 3, 2022.
             Slain by an adder (1 damage)
             ... on level 2 of the Dungeon.
             The game lasted 00:02:37 (1606 turns).

siradein the Grave Robber (Ogre Necromancer)        Turns: 1606, Time: 00:02:37

Health: 0/31       AC:  3    Str: 12    XL:     3   Next: 68%
Magic:  1/7        EV:  9    Int: 18    God:
Gold:   28         SH:  0    Dex:  9    Spells: 7/8 levels left

rFire   . . .      SeeInvis .   e - +0 spear
rCold   . . .      Faith    .   (no shield)
rNeg    . . .      Spirit   .   a - +0 robe
rPois   .          Reflect  .   (helmet restricted)
rElec   .          Harm     .   (no cloak)
rCorr   .          Rampage  .   (gloves unavailable)
Will    .....                   (boots unavailable)
Stlth   +.........              (no amulet)
HPRegen 0.10/turn               (no ring)
MPRegen 0.10/turn               (no ring)

@: lethally poisoned (0 -> -4)
A: large, unfitting armour, tough skin 1
a: no special abilities


You were on level 2 of the Dungeon.
You visited 1 branch of the dungeon, and saw 2 of its levels.

You collected 28 gold pieces.

Inventory:

Hand Weapons
 e - a +0 spear (weapon)
Armour
 a - a +0 robe (worn)
Scrolls
 g - a scroll of fog {unknown}
Potions
 b - 2 potions of magic {unknown}
 c - a potion of lignification {unknown}
 d - a potion of cancellation {unknown}
 f - a potion of haste {unknown}
 h - 2 potions of might {unknown}


   Skills:
 - Level 1.7 Dodging
 - Level 1.4 Stealth
 + Level 3.2 Spellcasting
 * Level 4.4 Necromancy


You had 7 spell levels left.
You knew the following spells:

 Your Spells              Type           Power      Damage    Failure   Level
a - Pain                  Necr           72%        1d7       2%          1

Your spell library contained the following spells:

 Spells                   Type           Power      Damage    Failure   Level
 Animate Skeleton         Necr           36%        N/A       2%          1
 Vampiric Draining        Necr           18%        2d7       8%          3
 Magic Dart               Conj           8%         1d3       16%         1
 Call Imp                 Summ           2%         N/A       24%         2
 Animate Dead             Necr           9%         N/A       26%         4
 Confusing Touch          Hex            2%         N/A       43%         3
 Mephitic Cloud           Conj/Pois/Air  2%         N/A       43%         3
 Agony                    Necr           18%        N/A       56%         5
 Yara's Violent Unravell  Hex/Tmut       1%         3d3       99%         5
 Enfeeble                 Hex            1%         N/A       100%        7


Dungeon Overview and Level Annotations

Branches:
Dungeon (2/15)

Altars:

Shops:
D:2 (


Innate Abilities, Weirdness & Mutations

You are too large for most types of armour.
You have tough skin. (AC +1)


Message History

Found Marorph's Weapon Shop.
There is an open door here.
An adder comes into view.
Found a human corpse.
A gnoll comes into view. It is wielding a +0 mace.
The adder moves out of view.
A gnoll is nearby!
The gnoll shouts!
The gnoll writhes in agony!
The gnoll writhes in agony.
You kill the gnoll!
The gnoll barely resists.
The adder hisses angrily.
The gnoll writhes in agony.
The gnoll writhes in agony.
The gnoll writhes in agony.
The gnoll hits you from afar with a +0 spear.
The adder closely misses you.
There is an open door here.
The adder writhes in agony.
The adder bites you.
The gnoll hits you from afar with a +0 spear.
The adder barely misses you.
The adder barely resists.
The gnoll hits you from afar with a +0 spear.
The adder barely misses you.
You are too injured to fight recklessly!
The adder bites you.
You closely miss the adder.
The adder is moderately wounded.
The adder closely misses you. The gnoll closely misses you.
You barely miss the adder.
The adder is moderately wounded.
The adder bites you.
You are poisoned.
The adder poisons you!
The gnoll hits you from afar with a +0 spear!
* * * LOW HITPOINT WARNING * * *
* * * LOW HITPOINT WARNING * * *
You feel sick. The adder bites you.
You die...

###### #######....#
#.....'....#
.....##....#####
##...##...'...###
.#..†..#...###g#..
...)..)....# #S#.#
....∩...#### #@#.#
......).# #.#.# .#.....#.
#[#.#######. ##...##.
#........... ...#.#..##
###.########
#####.....######.########
###.#.#......#......#
#####.#.#.######......#
.....>....# #......#


You could see a gnoll and an adder.

Vanquished Creatures
  2 gnolls (D:2)
  A dart slug (D:1)
  3 endoplasms (D:1)
  2 giant cockroaches
  2 goblins
  4 kobolds (D:1)
  4 ball pythons (D:1)
  5 bats
  2 frilled lizards (D:1)
  2 rats
27 creatures vanquished.

Notes
Turn   | Place    | Note
-------+----------+-------------------------------------------
     0 | D:1      | siradein the Ogre Necromancer began the quest for the Orb.
     0 | D:1      | Reached XP level 1. HP: 16/16 MP: 3/3
   363 | D:1      | Reached XP level 2. HP: 22/24 MP: 2/5
   600 | D:1      | Reached skill level 4 in Necromancy
   721 | D:1      | Found a faded altar of an unknown god.
  1460 | D:2      | Reached XP level 3. HP: 26/31 MP: 1/7
  1583 | D:2      | Found Marorph's Weapon Shop.
  1606 | D:2      | HP: 1/31 [poisoned by an adder]
  1606 | D:2      | Slain by an adder

Illustrated notes

Levels and vault maps discovered:
D:1:      onia_arrival_mini_spirals, layout_basic,
          dreamdust_ecumenical_altar_statues, supply_closet_lemuel, st_stairs_2,
          kennysheep_flooded_box
D:2:      layout_basic, serial_shops, nicolae_shop_bloodbath_and_beyond,
          nicolae_shop_stone, shop, shop, shop, chequers_serial_rivers_micro_a,
          minmay_shallow_snake_nest

Skill      XL: |  1  2 |
---------------+-------+-----
Necromancy     | 4 |  4.4
Spellcasting   | 3 |  3.2
Dodging        | |  1.7
Stealth        | |  1.4

Action                   || total
-------------------------++-------
Melee: Spear             ||    26
 Cast: Pain              ||    49
Armor: Robe              ||     8
Dodge: Dodged            ||    14

Table legend: (Time is in decaauts)
 A = Elapsed time spent in this place.
 B = Non-inter-level travel time spent in this place.
 C = Inter-level travel time spent in this place.
 D = Time resting spent in this place.
 E = Time spent auto-exploring this place.
 F = Levels seen in this place.
 G = Mean time per level.
                   A        B        C        D        E       F      G
               +--------+--------+--------+--------+--------+-----+--------+
         Total |   1607 |   1580 |     27 |      0 |   1424 |   2 |  803.5 |
       Dungeon |   1607 |   1580 |     27 |      0 |   1424 |   2 |  803.5 |
               +--------+--------+--------+--------+--------+-----+--------+

Top non-repeatable levels by time:
     D:1: 1430 daAuts
     D:2: 177 daAuts
